 Dungeon Crawl Stone Soup version 0.31-a0-240-gb923e448b6 (webtiles) character file.

Game seed: 11566386516163018352

17121 qw the Marksminotaur (level 12, 0/107 (110) HPs)
             Began as a Minotaur Hexslinger on July 12, 2023.
             Was a Priest of Okawaru.
             Succumbed to a black mamba's poison
             ... on level 2 of the Lair of Beasts.
             The game lasted 00:04:20 (10808 turns).

qw the Marksminotaur (Minotaur Hexslinger)         Turns: 10808, Time: 00:04:20

HP:   0/107 (110)   AC: 16    Str: 21    XL:     12   Next: 16%
MP:   12/14         EV: 24    Int: 10    God:    Okawaru [***...]
Gold: 438           SH:  0    Dex: 19    Spells: 12/13 levels left

rFire   . . .        b - +0 orcbow (heavy)
rCold   . . .        (shield currently unavailable)
rNeg    . . .        u - +2 ring mail {Will+}
rPois   .            (helmet restricted)
rElec   .            f - +0 cloak
rCorr   .            i - +2 pair of gloves
SInv    .            d - +0 pair of boots
Will    +....        g - amulet of Jaamp {Faith Rampage Str+3 Stlth+}
Stlth   +++          e - +5 ring of evasion
HPRegen 0.37/turn    j - +6 ring of strength
MPRegen 0.14/turn

%: rampage, faith
@: lethally poisoned (0 -> -2), heroic, lightly drained
A: horns 2, retaliatory headbutt
a: Renounce Religion, Heroism


You were on level 2 of the Lair of Beasts.
You worshipped Okawaru.
Okawaru was most pleased with you.
You visited 3 branches of the dungeon, and saw 13 of its levels.

You collected 978 gold pieces.
You spent 540 gold pieces at shops.


Innate Abilities, Weirdness & Mutations

You have a pair of horns on your head.
You reflexively headbutt those who attack you in melee.


   Skills:
 + Level 11.3(16.3) Fighting
 - Level 16.0(21.0) Ranged Weapons
 - Level 6.1(11.1) Armour
 - Level 8.2(13.2) Dodging
 - Level 1.0 Spellcasting
 - Level 2.0 Hexes
 - Level 4.0 Invocations


You had 12 spell levels left.
You knew the following spells:

 Your Spells              Type           Power      Damage    Failure   Level
a - Slow                  Hex            16%        N/A       22%         1

Your spell library contained the following spells:

 Spells                   Type           Power      Damage    Failure   Level
 Inner Flame              Hex/Fire       2%         N/A       69%         3
 Portal Projectile        Hex/Tloc       4%         N/A       69%         3
 Cause Fear               Hex            2%         N/A       91%         4

Inventory:

Hand Weapons
 b - a +0 heavy orcbow (weapon)
Armour
 c - a +3 leather armour
 d - a +0 pair of boots (worn)
 f - a +0 cloak (worn)
 i - a +2 pair of gloves (worn)
 l - a +2 hat of stealth
 t - the +0 ring mail of Vuotajuk {rF+}
   (You took it off an orc on level 8 of the Dungeon)

   rF:        It protects you from fire.
 u - a +2 ring mail of willpower (worn)
Jewellery
 e - a +5 ring of evasion (left hand)
 g - the amulet of Jaamp (around neck) {Faith Rampage Str+3 Stlth+}
   (You found it on level 1 of the Lair of Beasts)

   [amulet of faith]

   It allows you to gain divine favour quickly.
   Str:       It affects your strength (+3).
   Rampage:   It bestows one free step when moving towards enemies.
   Stlth:     It makes you more stealthy.
 j - a +6 ring of strength (right hand)
Wands
 s - a wand of digging (2)
Scrolls
 a - a scroll of brand weapon
 k - a scroll of identify
Potions
 h - a potion of enlightenment
 m - 2 potions of mutation
 n - 2 potions of curing
 o - 2 potions of haste
 p - a potion of might
 q - a potion of cancellation

Dungeon Overview and Level Annotations

Branches:
Dungeon (10/15)            Temple (1/1) D:4            Lair (2/5) D:8
    Orc (0/2) D:10
  Swamp: Lair:2-3    Shoals: Lair:2-3     Snake: Lair:2-3    Spider: Lair:2-3

Altars:
Ashenzari
Cheibriados
Dithmenos
Elyvilon
Fedhas
Gozag
Hepliaklqana
Kikubaaqudgha
Makhleb
Nemelex Xobeh
Okawaru
Qazlal
Ru
Sif Muna
Trog
Uskayaw
Vehumet
Wu Jian
Xom
Yredelemnul
Zin
The Shining One

Shops:
D:1 (   D:8 ?   D:9 *   D:10 [


Message History

You are poisoned.
The black mamba poisons you! The pharaoh ant closely misses you.
Your base Dodging skill increases to level 8!
You shoot an arrow. The arrow hits the black mamba!!
You kill the black mamba!
Okawaru accepts your kill.
You feel like a meek peon again.
You feel very sick. The water moccasin misses you. You furiously retaliate!
You headbutt the water moccasin. The pharaoh ant closely misses you.
You furiously retaliate!
You headbutt the pharaoh ant.
10803 ||| INVOKING Heroism.
You gain the combat prowess of a mighty hero.
You feel very sick. The water moccasin bites you.
The pharaoh ant barely misses you.
You shoot an arrow.
The arrow closely misses the water moccasin.
You feel sick. The water moccasin misses you.
The pharaoh ant closely misses you. The water moccasin misses you.
You furiously retaliate!
You headbutt the water moccasin! The pharaoh ant closely misses you.
You shoot an arrow. The arrow hits the water moccasin.
The water moccasin is severely wounded.
You feel sick. The water moccasin misses you. The pharaoh ant misses you.
The water moccasin bites you but does no damage.
You shoot an arrow. The arrow hits the water moccasin.
The water moccasin is almost dead.
You feel sick. The pharaoh ant bites you!!
The water moccasin closely misses you. You furiously retaliate!
You headbutt the water moccasin!
You kill the water moccasin!
Okawaru accepts your kill. The pharaoh ant completely misses you.
You shoot an arrow. The arrow hits the pharaoh ant!
The pharaoh ant is heavily damaged.
You feel sick. The pharaoh ant misses you. The pharaoh ant bites you!
You feel drained.
You shoot an arrow.
The arrow barely misses the pharaoh ant.
You die...

...>.##...#%.##...._...#
.##..##..#.######.....##
.##.P##......# #.....#
#....#...#...####..##.##.
#P..P.................%..
##.......##...#......#...
.......#...#..###.....P..
##...###.....##B#........
...#.. ....#...%@...#...7
.###.. ..###...%P.....777
. #.. .............}...
.. .....####...}... ....#
....777 #... ###... ...
##.. .. ##


You could see a pharaoh ant.

Vanquished Creatures
  Gastronok (Lair:2)
  A hydra (Lair:2)
  Erica (D:8)
  An oklob plant (Lair:1)
  Maurice (D:8)
  2 black mambas (Lair:2)
  A cane toad (Lair:2)
  Joseph (D:8)
  A gargoyle (D:10)
  An unseen horror (D:10)
  A rime drake (Lair:1)
  3 komodo dragons
  A burning bush (Lair:2)
  A hornet (D:7)
  4 blink frogs (Lair:2)
  A jumping spider (Lair:2)
  A shadow (D:7)
  3 wyverns
  15 yaks
  A wraith (D:10)
  A vampire (D:10)
  Eustachio (D:4)
  A basilisk (Lair:1)
  A steam dragon (D:9)
  A redback (Lair:2)
  Menkaure (D:6)
  Edmund (D:6)
  An acid dragon (D:9)
  10 water moccasins
  An orc warrior (D:9)
  3 ice beasts
  2 black bears
  A sky beast (D:8)
  7 wolves
  An ogre (D:5)
  11 centaurs
  A phantom (D:4)
  2 kobold brigands (D:10)
  6 bullfrogs
  4 scorpions
  9 wights
  12 killer bees
  2 electric eels (D:9)
  A howler monkey (D:6)
  2 lava snakes (D:9)
  A hound (D:4)
  3 jellies
  5 orc priests
  A gnoll bouda (D:7)
  5 orc wizards
  2 iguanas
  A sleepcap (D:8)
  11 gnolls
  8 adders
  A shadow imp (D:5)
  2 ufetubi
  3 worms
  2 dart slugs
  40 orcs
  6 endoplasms
  5 giant cockroaches
  9 goblins
  4 hobgoblins
  2 jackals (D:2)
  7 quokkas
  5 ball pythons
  6 bats
  5 frilled lizards
  14 kobolds
  9 rats
282 creatures vanquished.

Notes
Turn   | Place    | Note
-------+----------+-------------------------------------------
     0 | D:1      | qw the Minotaur Hexslinger began the quest for the Orb.
     0 | D:1      | Reached XP level 1. HP: 16/16 MP: 1/1
     0 | D:1      | 0 ||| qw: Version: 0.3-a-52-g30416fa
     0 | D:1      | 0 ||| qw: Game counter: 6143
     0 | D:1      | 0 ||| qw: Melee chars always use a shield: true
     0 | D:1      | 0 ||| qw: God list: Okawaru
     0 | D:1      | 0 ||| qw: Allow faded altars: false
     0 | D:1      | 0 ||| qw: Do Orc after clearing Dungeon:15 true
     0 | D:1      | 0 ||| qw: Do second Lair branch before Depths: true
     0 | D:1      | 0 ||| qw: Lair rune preference: random
     0 | D:1      | 0 ||| qw: Goals: Normal
     0 | D:1      | 0 ||| PLANNING D:1-11
   221 | D:1      | Found Becag's Weapon Shop.
   231 | D:1      | 231 ||| SHOPLISTING +2 orcbow of flaming (201 gold, have
                  | 18).
   332 | D:1      | Reached skill level 3 in Ranged Weapons
   332 | D:1      | Reached XP level 2. HP: 23/23 MP: 2/2
   500 | D:1      | Found a faded altar of an unknown god.
   822 | D:1      | 822 ||| UPGRADING to +0 leather armour.
   832 | D:1      | 832 ||| DROPPING +0 robe.
   833 | D:1      | 833 ||| UPGRADING to +2 pair of gloves.
   838 | D:1      | 838 ||| READING scroll labelled NAXIFEVERO.
   839 | D:1      | 839 ||| READING scroll labelled CIELOCUDUK.
   840 | D:1      | 840 ||| READING 2 scrolls labelled ODUYFA RODAOHI.
   841 | D:1      | 841 ||| READING scroll labelled XUVEJI SOTIU.
   841 | D:1      | Identified a scroll of acquirement
   841 | D:1      | 841 ||| ACQUIRING +9 sling of the Nurturing Stoat {flame,
                  | *Slow rElec rC+++ Str-5}
   841 | D:1      | Acquired the +9 sling of the Nurturing Stoat {flame, *Slow
                  | rElec rC+++ Str-5}
   843 | D:1      | 843 ||| SWAPPING to +9 sling of the Nurturing Stoat {flame,
                  | *Slow rElec rC+++ Str-5}.
   844 | D:1      | 844 ||| DROPPING +1 sling.
   845 | D:1      | 845 ||| DROPPING scroll of poison.
   846 | D:1      | 846 ||| DROPPING scroll of blinking.
  1005 | D:2      | Reached XP level 3. HP: 29/29 MP: 3/3
  1247 | D:2      | Reached skill level 4 in Ranged Weapons
  1316 | D:2      | You fall into a shaft and drop 2 floors!
  1401 | D:4      | 1401 ||| UPGRADING to +5 ring of evasion.
  1402 | D:4      | 1402 ||| READING scroll labelled QOAQ KUIPTUZI.
  1403 | D:4      | 1403 ||| READING scroll labelled SOJEAVVUDEN.
  1417 | D:3      | 1417 ||| FLEEEEING.
  1418 | D:3      | 1418 ||| FLEEEEING.
  1419 | D:3      | 1419 ||| FLEEEEING.
  1420 | D:3      | 1420 ||| FLEEEEING.
  1427 | D:3      | 1427 ||| STAIRDANCE
  1573 | D:2      | 1573 ||| READING scroll labelled GONAS VUYHICKI.
  1599 | D:3      | Identified the +4 whip "Fur Hiof" {heavy, rF++}
  1644 | D:3      | Reached XP level 4. HP: 36/36 MP: 4/4
  1671 | D:3      | Reached skill level 5 in Ranged Weapons
  1677 | D:3      | Found a snail-covered altar of Cheibriados.
  1687 | D:3      | Found a glowing silver altar of Zin.
  1688 | D:3      | Found a white marble altar of Elyvilon.
  1691 | D:3      | Found a radiant altar of Vehumet.
  1758 | D:3      | Noticed a black bear
  1763 | D:3      | Killed a black bear
  1764 | D:3      | Reached XP level 5. HP: 46/46 MP: 5/5
  1900 | D:3      | Reached XP level 6. HP: 52/52 MP: 6/6
  1974 | D:3      | 1974 ||| UPGRADING to +3 leather armour.
  1984 | D:3      | 1984 ||| DROPPING +0 leather armour.
  2029 | D:4      | Reached skill level 6 in Ranged Weapons
  2401 | D:4      | Reached skill level 1 in Armour
  2441 | D:4      | Found a shadowy altar of Dithmenos.
  2635 | D:4      | Noticed Eustachio
  2792 | D:4      | Killed Eustachio
  2793 | D:4      | Reached skill level 7 in Ranged Weapons
  2793 | D:4      | Reached XP level 7. HP: 59/59 MP: 7/7
  3008 | D:4      | Found a staircase to the Ecumenical Temple.
  3009 | D:4      | 3009 ||| PLANNING TEMPLE
  3020 | Temple   | Entered the Ecumenical Temple
  3122 | Temple   | 3122 ||| PLANNING D:1-11
  3192 | D:5      | Entered Level 5 of the Dungeon
  3484 | D:5      | Noticed a wyvern
  3489 | D:5      | Killed a wyvern
  3490 | D:5      | Reached skill level 8 in Ranged Weapons
  3931 | D:5      | Reached skill level 3 in Dodging
  4036 | D:5      | 4036 ||| UPGRADING to ring of positive energy.
  4037 | D:5      | 4037 ||| UPGRADING to +6 ring of strength.
  4039 | D:5      | 4039 ||| DROPPING ring of positive energy.
  4040 | D:5      | 4040 ||| DRINKING 2 fizzy dark potions.
  4041 | D:5      | 4041 ||| READING 2 scrolls of identify.
  4041 | D:5      | 4041 ||| IDENTIFYING sapphire potion
  4042 | D:5      | 4042 ||| DROPPING potion of lignification.
  4062 | D:6      | Reached XP level 8. HP: 68/68 MP: 8/8
  4067 | D:6      | Reached skill level 9 in Ranged Weapons
  4083 | D:6      | Reached skill level 6 in Fighting
  4144 | D:6      | Identified the +9 hand axe of Impatience {drain, rF+ rCorr
                  | Dex-2}
  4200 | D:6      | Reached skill level 10 in Ranged Weapons
  4211 | D:6      | Noticed Menkaure
  4215 | D:6      | Killed Menkaure
  4355 | D:6      | Noticed Edmund
  4363 | D:6      | Killed Edmund
  4445 | D:6      | Found a sacrificial altar of Ru.
  4783 | D:6      | 4783 ||| READING scroll labelled TAMOUBARY.
  4787 | D:6      | 4787 ||| DRINKING 2 purple potions.
  4855 | D:7      | Reached XP level 9. HP: 79/79 MP: 9/9
  4868 | D:7      | Identified the +4 whip of Mayhem {freeze, rC- rN++ Str+2
                  | Dex+3}
  4942 | D:7      | Reached skill level 11 in Ranged Weapons
  4986 | D:7      | Found a shimmering altar of Xom.
  4987 | D:7      | Found a hazy altar of Hepliaklqana.
  4988 | D:7      | Noticed a spectral ugly thing
  5069 | D:7      | Found an opulent altar of Gozag.
  5079 | D:7      | 5079 ||| Stepping ~*~*~tactically~*~*~ (outnumbered).
  5081 | D:7      | 5081 ||| Stepping ~*~*~tactically~*~*~ (outnumbered).
  5083 | D:7      | 5083 ||| Stepping ~*~*~tactically~*~*~ (outnumbered).
  5085 | D:7      | 5085 ||| Stepping ~*~*~tactically~*~*~ (outnumbered).
  5215 | D:7      | 5215 ||| Stepping ~*~*~tactically~*~*~ (outnumbered).
  5217 | D:7      | 5217 ||| Stepping ~*~*~tactically~*~*~ (outnumbered).
  5226 | D:7      | 5226 ||| FLEEEEING.
  5227 | D:7      | 5227 ||| FLEEEEING.
  5566 | D:8      | Reached skill level 12 in Ranged Weapons
  5574 | D:8      | 5574 ||| SWAPPING to +0 orcbow.
  5575 | D:8      | 5575 ||| DROPPING +9 sling of the Nurturing Stoat {flame,
                  | *Slow rElec rC+++ Str-5}.
  5604 | D:8      | Noticed Joseph
  5607 | D:8      | 5607 ||| FLEEEEING.
  5608 | D:8      | 5608 ||| FLEEEEING.
  5609 | D:8      | 5609 ||| FLEEEEING.
  5611 | D:8      | 5611 ||| FLEEEEING.
  5615 | D:8      | 5615 ||| FLEEEEING.
  5616 | D:8      | 5616 ||| FLEEEEING.
  5617 | D:8      | 5617 ||| FLEEEEING.
  5620 | D:8      | 5620 ||| FLEEEEING.
  5621 | D:8      | 5621 ||| FLEEEEING.
  5623 | D:8      | 5623 ||| FLEEEEING.
  5624 | D:8      | 5624 ||| STAIRDANCE
  5657 | D:7      | 5657 ||| READING scroll labelled GIYTED XEUHORACW.
  5772 | D:7      | 5772 ||| DRINKING 2 coppery potions.
  5788 | D:8      | Killed Joseph
  5789 | D:8      | 5789 ||| FLEEEEING.
  5790 | D:8      | 5790 ||| STAIRDANCE
  5995 | D:8      | Found a staircase to the Lair.
  6024 | D:8      | 6024 ||| FLEEEEING.
  6025 | D:8      | 6025 ||| FLEEEEING.
  6077 | D:8      | Reached skill level 6 in Dodging
  6172 | D:8      | Reached XP level 10. HP: 87/90 MP: 10/10
  6230 | D:8      | 6230 ||| Stepping ~*~*~tactically~*~*~ (outnumbered).
  6350 | D:8      | 6350 ||| Stepping ~*~*~tactically~*~*~ (outnumbered).
  6354 | D:8      | 6354 ||| Stepping ~*~*~tactically~*~*~ (outnumbered).
  6355 | D:8      | Identified the +0 ring mail of Vuotajuk {rF+}
  6356 | D:8      | 6356 ||| Stepping ~*~*~tactically~*~*~ (outnumbered).
  6363 | D:8      | Noticed Erica
  6381 | D:8      | Killed Erica
  6382 | D:8      | Reached skill level 13 in Ranged Weapons
  6430 | D:8      | 6430 ||| FLEEEEING.
  6431 | D:8      | 6431 ||| FLEEEEING.
  6434 | D:8      | 6434 ||| FLEEEEING.
  6435 | D:8      | 6435 ||| FLEEEEING.
  6436 | D:8      | 6436 ||| FLEEEEING.
  6437 | D:8      | 6437 ||| FLEEEEING.
  6438 | D:8      | 6438 ||| FLEEEEING.
  6439 | D:8      | 6439 ||| FLEEEEING.
  6440 | D:8      | 6440 ||| FLEEEEING.
  6441 | D:8      | 6441 ||| FLEEEEING.
  6442 | D:8      | 6442 ||| FLEEEEING.
  6443 | D:8      | 6443 ||| FLEEEEING.
  6444 | D:8      | 6444 ||| FLEEEEING.
  6445 | D:8      | 6445 ||| FLEEEEING.
  6446 | D:8      | 6446 ||| FLEEEEING.
  6447 | D:8      | 6447 ||| FLEEEEING.
  6448 | D:8      | 6448 ||| FLEEEEING.
  6449 | D:8      | 6449 ||| FLEEEEING.
  6499 | D:8      | Found a hide-covered altar of Uskayaw.
  6572 | D:8      | Noticed Maurice
  6591 | D:8      | Killed Maurice
  6592 | D:8      | Reached skill level 9 in Fighting
  6671 | D:8      | Found Waewkoygi's Magic Scroll Boutique.
  6678 | D:8      | 6678 ||| BUYING scroll of identify (24 gold).
  6678 | D:8      | Bought a scroll of identify for 24 gold pieces
  6678 | D:8      | 6678 ||| BUYING scroll of identify (24 gold).
  6678 | D:8      | Bought a scroll of identify for 24 gold pieces
  6678 | D:8      | 6678 ||| BUYING scroll of identify (24 gold).
  6678 | D:8      | Bought a scroll of identify for 24 gold pieces
  6678 | D:8      | 6678 ||| BUYING scroll of identify (24 gold).
  6678 | D:8      | Bought a scroll of identify for 24 gold pieces
  6678 | D:8      | 6678 ||| BUYING scroll of identify (24 gold).
  6678 | D:8      | Bought a scroll of identify for 24 gold pieces
  6678 | D:8      | 6678 ||| BUYING scroll of identify (24 gold).
  6678 | D:8      | Bought a scroll of identify for 24 gold pieces
  6678 | D:8      | 6678 ||| BUYING scroll of teleportation (36 gold).
  6678 | D:8      | Bought a scroll of teleportation for 36 gold pieces
  6940 | D:8      | 6940 ||| UPGRADING to +0 cloak.
  6945 | D:8      | 6945 ||| READING 3 scrolls labelled HETOEMNE SUOFORGH.
  6946 | D:8      | 6946 ||| READING 2 scrolls of brand weapon.
  6946 | D:8      | 6946 ||| BRANDING +0 orcbow of draining.
  6947 | D:8      | 6947 ||| READING scroll of brand weapon.
  6947 | D:8      | 6947 ||| BRANDING +0 orcbow of freezing.
  6948 | D:8      | 6948 ||| READING 7 scrolls of identify.
  6948 | D:8      | 6948 ||| IDENTIFYING sedimented sapphire potion
  6949 | D:8      | 6949 ||| READING 6 scrolls of identify.
  6949 | D:8      | 6949 ||| IDENTIFYING glowing white potion
  6950 | D:8      | 6950 ||| READING 5 scrolls of identify.
  6950 | D:8      | 6950 ||| IDENTIFYING bubbling black potion
  6951 | D:8      | 6951 ||| READING 4 scrolls of identify.
  6951 | D:8      | 6951 ||| IDENTIFYING dark potion
  6952 | D:8      | 6952 ||| READING 3 scrolls of identify.
  6952 | D:8      | 6952 ||| IDENTIFYING orange potion
  6953 | D:8      | 6953 ||| READING 2 scrolls of identify.
  6953 | D:8      | 6953 ||| IDENTIFYING golden potion
  6954 | D:8      | 6954 ||| DROPPING potion of brilliance.
  6955 | D:8      | 6955 ||| DROPPING potion of ambrosia.
  6956 | D:8      | 6956 ||| DROPPING potion of degeneration.
  6998 | D:9      | Found Ziudileo's Assorted Antiques.
  7001 | D:9      | 7001 ||| BUYING potion of curing (87 gold).
  7001 | D:9      | Bought a potion of curing for 87 gold pieces
  7056 | D:9      | Reached skill level 3 in Armour
  7061 | D:9      | 7061 ||| FLEEEEING.
  7064 | D:9      | 7064 ||| Stepping ~*~*~tactically~*~*~ (cloud).
  7065 | D:9      | 7065 ||| Stepping ~*~*~tactically~*~*~ (cloud).
  7071 | D:9      | 7071 ||| Stepping ~*~*~tactically~*~*~ (cloud).
  7223 | D:9      | 7223 ||| FLEEEEING.
  7406 | D:9      | 7406 ||| Stepping ~*~*~tactically~*~*~ (outnumbered).
  7415 | D:9      | 7415 ||| FLEEEEING.
  7416 | D:9      | 7416 ||| FLEEEEING.
  7417 | D:9      | 7417 ||| FLEEEEING.
  7418 | D:9      | 7418 ||| FLEEEEING.
  7419 | D:9      | 7419 ||| FLEEEEING.
  7420 | D:9      | 7420 ||| FLEEEEING.
  7421 | D:9      | 7421 ||| STAIRDANCE
  7484 | D:9      | Reached skill level 14 in Ranged Weapons
  7601 | D:9      | Found a sparkling altar of Nemelex Xobeh.
  7621 | D:9      | 7621 ||| FLEEEEING.
  7722 | D:9      | 7722 ||| READING scroll labelled OGHEKHLI RYNWEN.
  7723 | D:9      | 7723 ||| READING 2 scrolls of identify.
  7723 | D:9      | 7723 ||| IDENTIFYING white potion
  7752 | D:10     | Entered Level 10 of the Dungeon
  7752 | D:10     | Found a staircase to the Orcish Mines.
  7881 | D:10     | 7881 ||| FLEEEEING.
  7882 | D:10     | 7882 ||| FLEEEEING.
  7883 | D:10     | 7883 ||| FLEEEEING.
  7884 | D:10     | 7884 ||| FLEEEEING.
  7885 | D:10     | 7885 ||| FLEEEEING.
  7886 | D:10     | 7886 ||| FLEEEEING.
  7889 | D:10     | 7889 ||| FLEEEEING.
  7890 | D:10     | 7890 ||| FLEEEEING.
  7893 | D:10     | 7893 ||| FLEEEEING.
  7894 | D:10     | 7894 ||| FLEEEEING.
  7895 | D:10     | 7895 ||| FLEEEEING.
  7896 | D:10     | 7896 ||| FLEEEEING.
  7897 | D:10     | 7897 ||| FLEEEEING.
  7899 | D:10     | 7899 ||| FLEEEEING.
  7900 | D:10     | 7900 ||| FLEEEEING.
  7901 | D:10     | 7901 ||| FLEEEEING.
  7902 | D:10     | 7902 ||| FLEEEEING.
  7903 | D:10     | 7903 ||| FLEEEEING.
  7904 | D:10     | 7904 ||| FLEEEEING.
  7905 | D:10     | 7905 ||| FLEEEEING.
  7906 | D:10     | 7906 ||| STAIRDANCE
  8050 | D:10     | 8050 ||| STAIRDANCE
  8123 | D:10     | 8123 ||| STAIRDANCE
  8194 | D:10     | 8194 ||| STAIRDANCE
  8269 | D:10     | 8269 ||| DRINKING 3 potions of curing.
  8269 | D:10     | 8269 ||| (to cure confusion)
  8342 | D:10     | Found an iron altar of Okawaru.
  8343 | D:10     | 8343 ||| PLANNING OKAWARU WORSHIP
  8343 | D:10     | 8343 ||| UPGRADING to +0 pair of boots.
  8353 | D:10     | Became a worshipper of Warmaster Okawaru
  8354 | D:10     | 8354 ||| PLANNING D:1-11
  8400 | D:10     | Identified the +1 cloak of Immorality {Rampage Str+4 Slay-5
                  | Stlth+}
  8454 | D:10     | 8454 ||| Stepping ~*~*~tactically~*~*~ (outnumbered).
  8488 | D:10     | Found Gekang's Armour Emporium.
  8500 | D:10     | 8500 ||| BUYING +2 ring mail of willpower (273 gold).
  8500 | D:10     | Bought a +2 ring mail of willpower for 273 gold pieces
  8500 | D:10     | 8500 ||| SHOPLISTING +3 leather armour of cold resistance
                  | (312 gold, have 151).
  8624 | D:10     | 8624 ||| DROPPING +1 cloak of Immorality {Rampage Str+4
                  | Slay-5 Stlth+}.
  8625 | D:10     | 8625 ||| Stepping randomly (disturbance).
  8626 | D:10     | 8626 ||| Stepping randomly (disturbance).
  8640 | D:10     | 8640 ||| UPGRADING to +2 ring mail of willpower.
  8730 | D:10     | 8730 ||| UPGRADING to +2 ring mail of willpower.
  8763 | D:10     | Found a shimmering blue altar of Sif Muna.
  8853 | D:10     | Reached XP level 11. HP: 99/99 MP: 11/11
  9043 | D:10     | 9043 ||| FLEEEEING.
  9265 | D:10     | 9265 ||| PLANNING LAIR
  9311 | Lair:1   | Entered Level 1 of the Lair of Beasts
  9317 | Lair:1   | 9317 ||| STAIRDANCE
  9324 | D:8      | Reached * piety under Okawaru
  9373 | Lair:1   | 9373 ||| STAIRDANCE
  9381 | D:8      | 9381 ||| INVOKING Heroism.
  9528 | Lair:1   | Reached skill level 1 in Invocations
  9596 | Lair:1   | 9596 ||| INVOKING Heroism.
  9617 | Lair:1   | Noticed an oklob plant
  9618 | Lair:1   | 9618 ||| INVOKING Heroism.
  9627 | Lair:1   | Killed an oklob plant
  9628 | Lair:1   | Reached skill level 15 in Ranged Weapons
  9720 | Lair:1   | Identified the amulet of Jaamp {Faith Rampage Str+3 Stlth+}
 10138 | Lair:1   | 10138 ||| UPGRADING to amulet of Jaamp {Faith Rampage Str+3
                  | Stlth+}.
 10143 | Lair:1   | 10143 ||| READING scroll labelled ODWEELL RYDIWU.
 10170 | Lair:2   | 10170 ||| INVOKING Heroism.
 10181 | Lair:2   | Reached skill level 3 in Invocations
 10181 | Lair:2   | 10181 ||| STAIRDANCE
 10185 | Lair:1   | HP: 23/99 [yak (5)]
 10186 | Lair:1   | 10186 ||| READING scroll of teleportation.
 10186 | Lair:1   | HP: 11/99 [komodo dragon (13)]
 10187 | Lair:1   | 10187 ||| DRINKING 2 potions of heal wounds.
 10188 | Lair:1   | 10188 ||| INVOKING Heroism.
 10190 | Lair:1   | 10190 ||| DRINKING potion of heal wounds.
 10351 | Lair:1   | 10351 ||| INVOKING Heroism.
 10381 | Lair:2   | 10381 ||| STAIRDANCE
 10384 | Lair:1   | Reached ** piety under Okawaru
 10500 | Lair:2   | 10500 ||| INVOKING Heroism.
 10505 | Lair:2   | Reached skill level 16 in Ranged Weapons
 10523 | Lair:2   | 10523 ||| INVOKING Heroism.
 10526 | Lair:2   | Reached skill level 6 in Armour
 10574 | Lair:2   | Found a glowing golden altar of the Shining One.
 10579 | Lair:2   | Noticed Gastronok
 10580 | Lair:2   | 10580 ||| INVOKING Heroism.
 10590 | Lair:2   | Killed Gastronok
 10591 | Lair:2   | Reached XP level 12. HP: 39/110 MP: 12/14
 10606 | Lair:2   | Reached *** piety under Okawaru
 10790 | Lair:2   | Noticed a six-headed hydra
 10791 | Lair:2   | 10791 ||| INVOKING Heroism.
 10801 | Lair:2   | Killed a six-headed hydra
 10803 | Lair:2   | 10803 ||| INVOKING Heroism.
 10806 | Lair:2   | HP: 18/110 [pharaoh ant (31)]
 10807 | Lair:2   | HP: 5/110 [pharaoh ant (13)]
 10807 | Lair:2   | HP: 1/107 [pharaoh ant (4)]
 10808 | Lair:2   | Succumbed to a black mamba's poison

Levels and vault maps discovered:
D:1:      dpeg_arrival_central, layout_basic, serial_shops,
          nicolae_shop_bloodbath_and_beyond,
          dreamdust_ecumenical_altar_angels_and_demons
D:2:      layout_basic, minmay_heptomino_l4
D:3:      layout_rooms, minitemple
D:4:      layout_loops_corners, grunt_dithmenos_smoke_and_mirrors,
          minmay_temple_entry_nine_rooms, serial_co_window_serial,
          co_window_paths_a, co_window_paths_a, co_window_corner_a,
          co_window_paths_a, co_window_paths_a, co_window_2corner,
          co_window_corner_cb, co_window_of_opportunity_b,
          co_window_unsneaky_path_a, co_window_corner_b, co_window_broadway_b,
          co_window_of_opportunity_b, co_window_4corner_a, glass_columns_a,
          uniq_eustachio
D:5:      layout_loops_ring
D:6:      layout_loops_ring, nicolae_ru_the_path_less_chosen, uniq_menkaure,
          uniq_edmund
D:7:      layout_loops_ring, regret_index_temple_of_mockery,
          lemuel_crystal_altar
D:8:      layout_rooms, kennysheep_little_box, dpeg_oklobed_lair, serial_shops,
          nicolae_shop_temple_entry_statues_fountains, dk_noncrumbling_2,
          grunt_ministairs_2, centaur_isle, uniq_erica, uniq_maurice,
          uniq_joseph
D:9:      layout_basic, nemelex_spade_bored_becter, nicolae_stop_n_shop_2,
          nicolae_lava_and_water
D:10:     layout_stronghold, amcnicky_altar_gilded, okawaru_gym_becter,
          orc_0_dummy, serial_shops, shop, lightli_orcish_oven
Temple:   hellmonk_temple_beads
Lair:1:   layout_roguey, chequers_serial_rivers_micro_b,
          minmay_lair_oklob_items, eino_small_chamber_without_monster
Lair:2:   layout_misc_corridors, nicolae_swamp_entry_splash_gauntlet,
          nicolae_spider_entry_lesser_pyramids, basic_altar, evilmike_ambush
          [evilmike_ambush_outer_basic, evilmike_ambush_inner_basic],
          uniq_harold, uniq_gastronok

Skill      XL: |  1  2  3  4  5  6  7  8  9 10 11 12 |
---------------+-------------------------------------+-----
Ranged Weapons | 3 4 5 7 8 10 12 14 16 | 16.0
Fighting       | 2 4 5 7 8 10 11 | 11.3
Armour         | 1 2 4 6 |  6.1
Dodging        | 3 4 6 7 8 |  8.2
Invocations    | 4 |  4.0
Spellcasting   | |  1.0
Hexes          | |  2.0

Action                     |  1- 3 |  4- 6 |  7- 9 | 10-12 || total
---------------------------+-------+-------+-------+-------++-------
   Fire: Sling             |   103 |    75 |   164 |       ||   342
         Orcbow            |       |       |    63 |   400 ||   463
 Invoke: Heroism           |       |       |       |    11 ||    11
    Use: Scroll            |     7 |       |     3 |    13 ||    23
         Potion            |       |       |     3 |     3 ||     6
 Armour: Robe              |     2 |       |       |       ||     2
         Leather armour    |     2 |     1 |    13 |    29 ||    45
         Skin              |       |       |       |     4 ||     4
         Ring mail         |       |       |       |    60 ||    60
  Dodge: Dodged            |    17 |    10 |    82 |   320 ||   429

Table legend:
 A = Non-vault XP
 B = Vault XP
 C = Vault XP percentage of total XP
 D = Non-vault monster count
 E = Vault monster count
 F = Vault count percentage of total count
                 A         B        C        D         E       F
            +---------+---------+-------+---------+---------+-------
      Total |   17571 |    6888 |  28.2 |     250 |      32 |  11.3
            +---------+---------+-------+---------+---------+-------
        D:1 |      25 |       0 |   0.0 |      17 |       0 |   0.0
        D:2 |      47 |       4 |   7.8 |      18 |       3 |  14.3
        D:3 |     303 |       0 |   0.0 |      33 |       0 |   0.0
        D:4 |     256 |     197 |  43.5 |      19 |       1 |   5.0
        D:5 |     545 |       0 |   0.0 |      12 |       0 |   0.0
        D:6 |     865 |     337 |  28.0 |      16 |       2 |  11.1
        D:7 |    1248 |       0 |   0.0 |      20 |       0 |   0.0
        D:8 |    1945 |    2593 |  57.1 |      35 |      11 |  23.9
        D:9 |    2085 |       0 |   0.0 |      20 |       0 |   0.0
       D:10 |    1960 |      15 |   0.8 |      26 |       5 |  16.1
     Lair:1 |    3537 |     542 |  13.3 |      17 |       1 |   5.6
     Lair:2 |    4755 |    3200 |  40.2 |      17 |       9 |  34.6
            +---------+---------+-------+---------+---------+-------
